 Dungeon Crawl Stone Soup version 0.22.1-2-g9c5b331383 (webtiles) character file.

323 McIrco the Shield-Bearer (level 6, -5/47 HPs)
             Began as a Formicid Fighter on Jan 5, 2019.
             Was a Follower of Okawaru.
             Slain by an iguana (9 damage)
             ... on level 4 of the Dungeon.
             The game lasted 00:05:31 (3175 turns).

McIrco the Shield-Bearer (Formicid Fighter)         Turns: 3175, Time: 00:05:32

Health: -5/47      AC:  7    Str: 21    XL:     6   Next: 77%
Magic:  6/6        EV: 14    Int:  8    God:    Okawaru [*.....]
Gold:   146        SH: 11    Dex: 16    Spells: 5/5 levels left

rFire    . . .     SeeInvis +   a - +0 long sword
rCold    . . .     Gourm    .   c - +0 shield
rNeg     . . .     Faith    .   b - +0 scale mail
rPois    .         Spirit   .   (helmet unavailable)
rElec    .         Reflect  .   (no cloak)
rCorr    .         Harm     .   (no gloves)
MR       .....                  (no boots)
Stlth    +.........             (no amulet)
HPRegen  0.15/turn              (no ring)
MPRegen  0.10/turn              (no ring)

@: agile, lethally poisoned (-5 -> -6)
A: permanent stasis, dig shafts and tunnels, four strong arms, antennae 3
a: Dig, Shaft Self, Heroism, Renounce Religion


You were on level 4 of the Dungeon.
You worshipped Okawaru.
Okawaru was aware of your devotion.
You were not hungry.

You visited 1 branch of the dungeon, and saw 4 of its levels.

You collected 146 gold pieces.

Inventory:

Hand Weapons
 a - a +0 long sword (weapon)
Armour
 b - a +0 scale mail (worn)
 c - a +0 shield (worn)
Jewellery
 k - an uncursed ring of wizardry {unknown}
 l - a cursed ring of positive energy {unknown}
 p - a +6 ring of evasion {unknown}
Wands
 o - a wand of disintegration (14)
 q - a wand of clouds (3)
 r - a wand of polymorph (12)
 s - a wand of enslavement (16)
Scrolls
 g - 3 scrolls of identify {unknown}
 i - 3 scrolls of amnesia {unknown}
 j - a scroll of enchant armour {unknown}
 m - 2 scrolls of teleportation {unknown}
 n - a scroll of remove curse {unknown}
 v - a scroll of fog {unknown}
Potions
 d - 2 potions of might
 e - a potion of agility
 h - a potion of magic
 t - a potion of heal wounds {unknown}
 u - a potion of resistance
Comestibles
 f - 7 rations


   Skills:
 - Level 3.2 Fighting
 - Level 2.0 Long Blades
 + Level 4.7 Armour
 * Level 7.6 Shields


You had 5 spell levels left.
You didn't know any spells.
Your spell library was empty.

Dungeon Overview and Level Annotations

Branches:
Dungeon (4/15)
 Temple: D:4-7

Altars:
Ashenzari
Okawaru
Qazlal
Vehumet
Yredelemnul
The Shining One

Annotations:
D:3 3 runed doors, arcanist's ghost, amateur NaWz


Innate Abilities, Weirdness & Mutations

You cannot be hasted, slowed, berserked, paralysed or teleported.
You can dig through walls and to a lower floor.
Your four strong arms can wield two-handed weapons with a shield.
You have a pair of large antennae on your head. (SInv)


Message History

You completely miss the worker ant.
The worker ant is severely wounded.
You feel sick. You block the worker ant's attack.
You closely miss the worker ant.
The worker ant is severely wounded.
You block the worker ant's attack. x2
It was a potion of magic.
Magic courses through your body. You block the worker ant's attack.
You slash the worker ant!
You kill the worker ant!
Okawaru accepts your kill.
You feel sick. The adder completely misses you.
You riposte.
You barely miss the adder. You slash the adder!
The adder is severely wounded.
The adder misses you.
You riposte.
You hit the adder.
You kill the adder!
Okawaru accepts your kill.
You closely miss the iguana. The iguana bites you!
You die...

.#..# .#..#
....# ###
((..### ...
....... #
#.###....# ...
#...<....#
.....####.##...#
.......@l......#
.....#######...#
##. { ..# ##


You could see an iguana.

Vanquished Creatures
  A crimson imp (D:2)
  An orc priest (D:3)
  Natasha (twice) (D:2)
  A worker ant (D:4)
  8 adders
  2 oozes
  4 worms
  3 dart slugs
  A leopard gecko (D:1)
  4 orcs (D:3)
  3 ball pythons (D:3)
  4 bats
  2 giant cockroaches (D:1)
  9 goblins
  10 hobgoblins
  8 jackals (D:1)
  2 quokkas (D:3)
  3 frilled lizards
  15 kobolds
  6 rats
89 creatures vanquished.

Vanquished Creatures (others)
  An orc (D:3)
  A rat (D:3)
  A fungus (D:3)
  3 plants (D:3)
6 creatures vanquished.

Grand Total: 95 creatures vanquished

Notes
Turn   | Place    | Note
-------+----------+-------------------------------------------
     0 | D:1      | McIrco the Formicid Fighter began the quest for the Orb.
     0 | D:1      | Reached XP level 1. HP: 18/18 MP: 1/1
    83 | D:1      | Reached skill level 4 in Shields
    86 | D:1      | Reached XP level 2. HP: 18/24 MP: 2/2
   166 | D:1      | Reached XP level 3. HP: 21/29 MP: 3/3
   457 | D:1      | Reached skill level 5 in Shields
   723 | D:1      | Reached XP level 4. HP: 34/35 MP: 4/4
   942 | D:2      | Found an iron altar of Okawaru.
   950 | D:2      | Found a stormy altar of Qazlal.
   952 | D:2      | Found a radiant altar of Vehumet.
   955 | D:2      | Became a worshipper of Warmaster Okawaru
   968 | D:2      | Noticed Natasha
   976 | D:2      | Killed Natasha
  1025 | D:2      | Reached XP level 5. HP: 30/41 MP: 5/5
  1107 | D:2      | Noticed Natasha
  1114 | D:2      | Reached skill level 6 in Shields
  1131 | D:2      | Killed Natasha
  1421 | D:2      | Reached XP level 6. HP: 46/47 MP: 6/6
  1521 | D:2      | Reached * piety under Okawaru
  2106 | D:3      | Reached skill level 7 in Shields
  2459 | D:3      | Found a shattered altar of Ashenzari.
  2520 | D:3      | Found a runed gate.
  2520 | D:3      | Found a runed gate.
  2520 | D:3      | Found a runed gate.
  2615 | D:3      | Found a basalt altar of Yredelemnul.
  2660 | D:3      | Found a glowing golden altar of the Shining One.
  2841 | D:3      | Noticed an angel
  3103 | D:3      | Noticed arcanist's ghost (amateur NaWz)
  3175 | D:4      | Slain by an iguana

Skill      XL: |  1  2  3  4  5  6 |
---------------+-------------------+-----
Shields        | 4 5 6 7 |  7.6
Armour         | 4 |  4.7
Fighting       | |  3.2
Long Blades    | |  2.0

Action                   |  1- 3 |  4- 6 || total
-------------------------+-------+-------++-------
Melee: Long sword        |   126 |   228 ||   354
 Abil: Dig               |     2 |     2 ||     4
  Use: Potion            |       |     2 ||     2
  Eat: Chunk             |       |     6 ||     6
       Ration            |       |     1 ||     1
Armor: Scale mail        |    71 |    90 ||   161
Dodge: Dodged            |    55 |    88 ||   143
Block: Shield            |    93 |   153 ||   246
       Rpst.: Long sword |    18 |    29 ||    47
